[Event "Moscow-ch Women 2021"]
[Site "Moscow"]
[Date "2021.03.27"]
[Round "3.7"]
[White "Mayorova, Varvara"]
[Black "Ilyina, Lada"]
[Result "0-1"]
[ECO "E61"]
[WhiteElo "1446"]
[BlackElo "1959"]
[Annotator "NA"]
[PlyCount "66"]
[EventDate "2021.03.25"]
[EventType "swiss"]
[EventCountry "RUS"]
[SourceTitle "playchess.com"]
[Source "ChessBase"]
[SourceQuality "1"]
[TimeControl "5400+30"]

1. d4 Nf6 2. Nf3 g6 3. Bf4 d6 4. e3 b6 5. Be2 Bb7 6. O-O Bg7 7. h3 O-O 8. c4 Nbd7 9. Nc3 Re8 10. Qc2 e5 11. Bh2 exd4 {[%emt 0:02:50] 11...Qe7 is not played anymore.} 12. exd4 Ne4 13. Nxe4 Bxe4 14. Qd2 {[%emt 0:00:54] [#]} h6 $146 ({Predecessor:} 14... Nf8 15. Ng5 Qf6 16. Bf3 Bxf3 17. Nxf3 Ne6 18. Rad1 h5 19. Bg3 Kh7 20. b3 a5 {½-½ (68) Palchun,G (2299)-Levin,E (2529) St Petersburg 2015}) 15. Rfe1 f5 16. Rad1 Qf6 17. b4 g5 18. d5 f4 19. Nd4 $17 Qxd4 20. Qxd4 Bxd4 21. Rxd4 Bf5 22. Kf1 a5 23. b5 Nf6 24. h4 Re5 25. hxg5 hxg5 26. g3 Bh3+ 27. Kg1 f3 28. g4 Rxe2 29. Red1 Rae8 30. Bxd6 cxd6 31. c5 bxc5 32. R4d3 Nxg4 33. Rxf3 Re1+ 0-1

[Event "Moscow-ch Women 2021"]
[Site "Moscow"]
[Date "2021.03.27"]
[Round "3.8"]
[White "Ivanova, Anastasia S."]
[Black "Kunikova, Polina S"]
[Result "1-0"]
[ECO "D27"]
[WhiteElo "1830"]
[BlackElo "1028"]
[Annotator "NA"]
[PlyCount "75"]
[EventDate "2021.03.25"]
[EventType "swiss"]
[EventCountry "RUS"]
[SourceTitle "playchess.com"]
[Source "ChessBase"]
[SourceQuality "1"]
[TimeControl "5400+30"]

1. d4 d5 2. c4 dxc4 3. Nf3 Nf6 4. e3 e6 5. Bxc4 c5 6. O-O a6 7. a4 Nc6 8. Qe2 Bd6 9. Rd1 Qe7 10. Nc3 O-O 11. b3 b6 12. d5 Nb4 13. dxe6 Bxe6 14. Ba3 Bxc4 15. Qxc4 Rac8 16. Rd2 Be5 17. Nxe5 Qxe5 18. Rad1 Nc6 19. Bb2 Ra8 20. Nd5 Qg5 21. Nxb6 Na5 22. Bxf6 Nxc4 23. Bxg5 Nxd2 24. Nxa8 Ne4 25. Bd8 Nc3 26. Rd2 Nb1 27. Rd3 Na3 28. Nc7 c4 29. bxc4 Nxc4 30. Be7 Rc8 31. Rd8+ Rxd8 32. Bxd8 Nb2 33. a5 Nc4 34. Nxa6 Kf8 35. Nc5 Ke8 36. Bc7 Na3 37. a6 Nb5 38. Bb6 1-0

[Event "Moscow-ch Women 2021"]
[Site "Moscow"]
[Date "2021.03.27"]
[Round "3.9"]
[White "Shevtsova, Stefania"]
[Black "Lyutsinger, Iren"]
[Result "0-1"]
[ECO "B22"]
[WhiteElo "1654"]
[BlackElo "1464"]
[Annotator "NA"]
[PlyCount "132"]
[EventDate "2021.03.25"]
[EventType "swiss"]
[EventCountry "RUS"]
[SourceTitle "playchess.com"]
[Source "ChessBase"]
[SourceQuality "1"]
[TimeControl "5400+30"]

1. e4 c5 2. c3 d5 3. exd5 Qxd5 4. d4 Nc6 5. Nf3 Bf5 6. Be2 cxd4 7. cxd4 Bxb1 8. Rxb1 e6 9. O-O Nf6 10. b3 Be7 11. Bb2 O-O 12. Ne5 Nxe5 13. dxe5 Qxd1 14. Rfxd1 Nd5 15. Bf3 Rfd8 16. Rbc1 Rac8 17. Kf1 Bc5 18. Bxd5 exd5 19. Rd3 Rc7 20. b4 Bb6 21. Rxc7 Bxc7 22. Bd4 a6 23. Rc3 Rd7 24. Ke2 Kf8 25. Bc5+ Ke8 26. f4 Rd8 27. Kd3 Kd7 28. a4 f6 29. Bd4 fxe5 30. Bxe5 Bxe5 31. fxe5 Ke6 32. Kd4 Rd7 33. Rc5 Rf7 34. g3 Rd7 35. b5 axb5 36. axb5 h6 37. b6 g6 38. Rc8 h5 39. Re8+ Kf7 40. Rc8 Ke6 41. Rf8 h4 42. Rf6+ Ke7 43. Rxg6 hxg3 44. Rg7+ Kf8 45. Rxd7 g2 46. Rd8+ Kg7 47. Rd7+ Kg6 48. Rd6+ Kh5 49. Kxd5 g1=Q 50. Ke6 Qg8+ 51. Kd7 Qg7+ 52. Ke6 Kg6 53. Kd5+ Kf5 54. Rf6+ Kg5 55. Kd6 Qh8 56. Kd7 Qxh2 57. Re6 Kf5 58. Ke7 Qd2 59. Rd6 Qg5+ 60. Rf6+ Kxe5 61. Kd7 Qxf6 62. Kc7 Kd5 63. Kb8 Kc6 64. Ka7 Qa1+ 65. Kb8 Qa2 66. Kc8 Qa8# 0-1

[Event "Moscow-ch Women 2021"]
[Site "Moscow"]
[Date "2021.03.27"]
[Round "3.10"]
[White "Panina, Sofya"]
[Black "Dimitrova, Aleksandra"]
[Result "0-1"]
[ECO "E30"]
[WhiteElo "1341"]
[BlackElo "2275"]
[Annotator "NA"]
[PlyCount "90"]
[EventDate "2021.03.25"]
[EventType "swiss"]
[EventCountry "RUS"]
[SourceTitle "playchess.com"]
[Source "ChessBase"]
[SourceQuality "1"]
[TimeControl "5400+30"]

1. d4 Nf6 2. c4 e6 3. Nc3 Bb4 4. Bg5 c5 5. Bxf6 Bxc3+ 6. bxc3 Qxf6 7. Nf3 Nc6 8. e4 d6 9. Be2 O-O 10. O-O e5 11. d5 Ne7 12. g3 g6 13. Qd2 Qg7 14. Kh1 f5 15. Ng1 fxe4 16. Qe3 Bf5 17. g4 Bd7 18. Nh3 h6 19. Qxe4 g5 20. Bd3 Rf6 21. f3 Ng6 22. Qe2 Nh4 23. Be4 Raf8 24. Rf2 Be8 25. Raf1 Bg6 26. Kg1 R8f7 27. Qe3 Kh7 28. Qe2 Qf8 29. Kh1 Bxe4 30. Qxe4+ Kg7 31. Ng1 Rf4 32. Qe2 e4 33. h3 exf3 34. Qd3 b6 35. Kh2 h5 36. gxh5 Qh8 37. Kg3 Qxh5 38. Nxf3 Nf5+ 39. Kh2 g4 40. Ng1 Rxf2+ 41. Rxf2 g3+ 42. Kg2 gxf2 43. Kxf2 Qh4+ 44. Kg2 Qg5+ 45. Kh2 Nh4 0-1

[Event "Moscow-ch Women 2021"]
[Site "Moscow"]
[Date "2021.03.28"]
[Round "4.1"]
[White "Zvereva, Margarita"]
[Black "Charochkina, Daria"]
[Result "1/2-1/2"]
[ECO "A46"]
[WhiteElo "1937"]
[BlackElo "2337"]
[Annotator "NA"]
[PlyCount "135"]
[EventDate "2021.03.25"]
[EventType "swiss"]
[EventCountry "RUS"]
[SourceTitle "playchess.com"]
[Source "ChessBase"]
[SourceQuality "1"]
[TimeControl "5400+30"]

1. d4 Nf6 2. Nf3 e6 3. e3 g6 4. Bd3 Bg7 5. O-O O-O 6. c4 c5 7. Nc3 cxd4 8. Nxd4 Nc6 9. Ndb5 Ne8 10. Be2 Qe7 11. Ne4 f5 12. Ned6 Nxd6 13. Nxd6 Nd4 14. Nxc8 Nxe2+ 15. Qxe2 Raxc8 16. Rb1 d5 17. b3 dxc4 18. bxc4 b6 19. Bb2 e5 20. Rbc1 Rfd8 21. Rfd1 Qe6 22. Rxd8+ Rxd8 23. h3 Rc8 24. Ba3 h5 25. c5 bxc5 26. Rxc5 Rb8 27. Qc2 Qa6 28. Qc4+ Qxc4 29. Rxc4 Rb1+ 30. Kh2 Ra1 31. Rc8+ Kh7 32. Rc7 Kh6 33. Rxa7 Rxa2 34. f3 h4 35. Bc5 Re2 36. Kg1 Rc2 37. Be7 Rc4 38. Bg5+ Kxg5 39. Rxg7 Rc1+ 40. Kf2 Rc2+ 41. Kf1 Kf6 42. Rg8 Ra2 43. Re8 Ra6 44. Kf2 Ra2+ 45. Kf1 Ra7 46. Kf2 Rg7 47. Rh8 g5 48. Re8 Re7 49. Rg8 e4 50. fxe4 Rxe4 51. Rf8+ Kg6 52. Rg8+ Kf6 53. Rf8+ Ke5 54. Re8+ Kd5 55. Rf8 Ke6 56. Rh8 Ra4 57. Rg8 g4 58. hxg4 fxg4 59. Rh8 Ra2+ 60. Kf1 Ra1+ 61. Ke2 Rh1 62. Re8+ Kf7 63. Ra8 Rb1 64. Ra7+ Kf6 65. Ra6+ Kf5 66. Ra5+ Kg6 67. Ra6+ Kg5 68. Ra5+ 1/2-1/2

[Event "Moscow-ch Women 2021"]
[Site "Moscow"]
[Date "2021.03.28"]
[Round "4.2"]
[White "Diakonova, Ekaterina"]
[Black "Zherebtsova, Alexandra"]
[Result "1/2-1/2"]
[ECO "C89"]
[WhiteElo "2156"]
[BlackElo "2225"]
[Annotator "NA"]
[PlyCount "80"]
[EventDate "2021.03.25"]
[EventType "swiss"]
[EventCountry "RUS"]
[SourceTitle "playchess.com"]
[Source "ChessBase"]
[SourceQuality "1"]
[TimeControl "5400+30"]

1. e4 e5 2. Nf3 Nc6 3. Bb5 a6 4. Ba4 Nf6 5. O-O Be7 6. Re1 b5 7. Bb3 O-O 8. c3 d5 9. exd5 Nxd5 10. Nxe5 Nxe5 11. Rxe5 c6 12. d3 Bd6 13. Re1 Qh4 14. g3 Qh3 15. Qf3 Bg4 16. Qg2 Qh5 17. Bxd5 cxd5 18. f4 Rae8 19. Be3 d4 20. cxd4 Bf3 21. Qf2 f5 22. a4 Ba8 23. axb5 axb5 24. Ra7 Rf7 25. d5 Rxa7 26. Bxa7 Bxd5 27. Nc3 Bc6 28. Rxe8+ Qxe8 29. Qe3 Qd7 30. Bc5 Bb8 31. Qe7 Qxe7 32. Bxe7 Ba7+ 33. Kf1 Bd4 34. Bd6 Bxc3 35. bxc3 Kf7 36. Kf2 Ke6 37. Be5 g6 38. Ke3 Kd5 39. Bg7 h5 40. Bf8 Bb7 1/2-1/2

[Event "Moscow-ch Women 2021"]
[Site "Moscow"]
[Date "2021.03.28"]
[Round "4.3"]
[White "Ilyina, Lada"]
[Black "Paramzina, Anastasya"]
[Result "0-1"]
[ECO "B51"]
[WhiteElo "1959"]
[BlackElo "2252"]
[Annotator "NA"]
[PlyCount "126"]
[EventDate "2021.03.25"]
[EventType "swiss"]
[EventCountry "RUS"]
[SourceTitle "playchess.com"]
[Source "ChessBase"]
[SourceQuality "1"]
[TimeControl "5400+30"]

1. e4 c5 2. Nf3 d6 3. Bb5+ Nd7 4. d4 cxd4 5. Qxd4 a6 6. Bxd7+ Bxd7 7. Nc3 e5 8. Qd3 Rc8 9. Bg5 Be7 10. Bxe7 Qxe7 11. Rd1 Rc6 12. Nd2 Be6 13. Nd5 Bxd5 14. exd5 Rc7 15. O-O Nf6 16. Rfe1 O-O 17. f4 Nd7 18. f5 Rfc8 19. c3 Nf6 20. c4 b5 21. b3 bxc4 22. bxc4 Rb7 23. Rb1 h6 24. Ne4 Nxe4 25. Qxe4 Rcb8 26. Rxb7 Qxb7 27. f6 Qa7+ 28. Kf1 gxf6 29. Re2 Qc5 30. g3 Rb4 31. Rc2 f5 32. Qxf5 Rxc4 33. Rf2 Qxd5 34. Qf3 Qxf3 35. Rxf3 Rc1+ 36. Kg2 d5 37. Rf5 Re1 38. Kf2 Re4 39. Rf6 Ra4 40. Rxh6 Rxa2+ 41. Kf3 Ra3+ 42. Kg4 e4 43. Rd6 Rd3 44. Rxa6 d4 45. Ra2 Rd1 46. Re2 e3 47. Kf3 Kg7 48. Ke4 f5+ 49. Kxf5 Rd2 50. Re1 Rxh2 51. Ke4 Rd2 52. Kf3 Kf6 53. Ra1 e2 54. Ra6+ Ke5 55. Ra5+ Ke6 56. Ra6+ Kd5 57. Ra5+ Kc4 58. Ra1 d3 59. Re1 Kd4 60. g4 Rd1 61. Rxe2 dxe2 62. Kxe2 Rg1 63. Kf3 Ke5 0-1

[Event "Moscow-ch Women 2021"]
[Site "Moscow"]
[Date "2021.03.28"]
[Round "4.4"]
[White "Gorovenko, Darya"]
[Black "Ivanova, Anastasia S."]
[Result "1-0"]
[ECO "A58"]
[WhiteElo "2106"]
[BlackElo "1830"]
[Annotator "NA"]
[PlyCount "77"]
[EventDate "2021.03.25"]
[EventType "swiss"]
[EventCountry "RUS"]
[SourceTitle "playchess.com"]
[Source "ChessBase"]
[SourceQuality "1"]
[TimeControl "5400+30"]

1. d4 Nf6 2. c4 c5 3. d5 b5 4. cxb5 a6 5. bxa6 g6 6. Nc3 Bg7 7. e4 O-O 8. a4 Qa5 9. Bd2 Bxa6 10. Bxa6 Nxa6 11. Nf3 Qb4 12. Qe2 d6 13. O-O Qb7 14. Nb5 Nc7 15. Nxc7 Qxc7 16. Bc3 Nd7 17. Bxg7 Kxg7 18. Nd2 Rfb8 19. b3 Rb4 20. Rac1 Nb6 21. Qe3 f6 22. h4 c4 23. Nf3 Nd7 24. Nd4 Nf8 25. Qe2 Qc5 26. Nc6 Rxb3 27. Rxc4 Qa3 28. Nxe7 Rb7 29. Nc8 Nd7 30. Qc2 Rb2 31. Qc1 Rab8 32. Rc7 Qxa4 33. Qc6 Qxc6 34. dxc6 Rxc8 35. Rxc8 Ne5 36. Rc1 Nd3 37. Rc7+ Kh6 38. Rb7 Nxc1 39. Rxb2 1-0

[Event "Moscow-ch Women 2021"]
[Site "Moscow"]
[Date "2021.03.28"]
[Round "4.5"]
[White "Lyutsinger, Iren"]
[Black "Shvedova, Alexandra"]
[Result "0-1"]
[ECO "D00"]
[WhiteElo "1415"]
[BlackElo "1994"]
[Annotator "NA"]
[PlyCount "92"]
[EventDate "2021.03.25"]
[EventType "swiss"]
[EventCountry "RUS"]
[SourceTitle "playchess.com"]
[Source "ChessBase"]
[SourceQuality "1"]
[TimeControl "5400+30"]

1. d4 d5 2. Bf4 Nf6 3. e3 c5 4. c3 Nc6 5. Bd3 Bg4 6. Ne2 e6 7. Nd2 Be7 8. O-O O-O 9. h3 Bh5 10. a3 a6 11. b4 c4 12. Bb1 b5 13. a4 Qd7 14. a5 Rac8 15. f3 Rfd8 16. Bh2 Bg6 17. Nf4 Bxb1 18. Qxb1 Qa7 19. Qe1 e5 20. Ne2 exd4 21. exd4 Re8 22. Qf2 Bxb4 23. cxb4 Nxb4 24. Nf4 Nc2 25. Rac1 Nxd4 26. Kh1 Nc6 27. Qh4 d4 28. Ne4 Nxe4 29. fxe4 Qe7 30. Qg4 Ne5 31. Qg3 Ng6 32. Nd5 Qxe4 33. Nb6 Rcd8 34. Rce1 Qh4 35. Rxe8+ Rxe8 36. Qc7 Qe7 37. Qc6 d3 38. Nc8 Qe2 39. Rg1 d2 40. Bd6 d1=Q 41. Ne7+ Rxe7 42. Kh2 Qxd6+ 43. Qxd6 Qe5+ 44. Qxe5 Nxe5 45. Rd1 Rd7 46. Re1 f6 0-1

[Event "Moscow-ch Women 2021"]
[Site "Moscow"]
[Date "2021.03.28"]
[Round "4.6"]
[White "Dimitrova, Aleksandra"]
[Black "Cherepanova, Evita"]
[Result "1-0"]
[ECO "C18"]
[WhiteElo "2275"]
[BlackElo "1621"]
[Annotator "NA"]
[PlyCount "83"]
[EventDate "2021.03.25"]
[EventType "swiss"]
[EventCountry "RUS"]
[SourceTitle "playchess.com"]
[Source "ChessBase"]
[SourceQuality "1"]
[TimeControl "5400+30"]

1. e4 e6 2. d4 d5 3. Nc3 Bb4 4. e5 c5 5. a3 Bxc3+ 6. bxc3 Qa5 7. Bd2 Qa4 8. Qg4 Kf8 9. Qd1 Ne7 10. Nf3 b6 11. dxc5 bxc5 12. Bd3 Ng6 13. O-O Nf4 14. Be3 Nd7 15. Ne1 Nxd3 16. Nxd3 Qc4 17. Qd2 Bb7 18. Rab1 Bc6 19. f4 f5 20. Qf2 Qxc3 21. Nxc5 Ke7 22. Nxd7 Kxd7 23. Bc5 h5 24. Bd6 h4 25. Rb3 Qc4 26. Rh3 g5 27. fxg5 Qg4 28. g6 d4 29. Bc5 Kc7 30. Bxd4 Qxg6 31. Rc3 Rag8 32. Rxc6+ Kxc6 33. Bxa7 Qg4 34. Qc5+ Kd7 35. Qd6+ Kc8 36. Qc6+ Kd8 37. Rb1 Qxg2+ 38. Qxg2 Rxg2+ 39. Kxg2 Rg8+ 40. Kf3 Kd7 41. Rb8 Rg4 42. Rb4 1-0

[Event "Moscow-ch Women 2021"]
[Site "Moscow"]
[Date "2021.03.28"]
[Round "4.7"]
[White "Kanevskaya, Anna"]
[Black "Antonova, Nadezhda"]
[Result "1/2-1/2"]
[ECO "D00"]
[WhiteElo "2130"]
[BlackElo "1877"]
[Annotator "NA"]
[PlyCount "149"]
[EventDate "2021.03.25"]
[EventType "swiss"]
[EventCountry "RUS"]
[SourceTitle "playchess.com"]
[Source "ChessBase"]
[SourceQuality "1"]
[TimeControl "5400+30"]

1. d4 Nf6 2. Nf3 g6 3. Nc3 d5 4. Bf4 Bg7 5. e3 c6 6. Be2 O-O 7. Ne5 Nfd7 8. Ng4 h5 9. Ne5 Nxe5 10. Bxe5 f6 11. Bg3 e5 12. f3 Be6 13. Bd3 Bf7 14. O-O Nd7 15. Ne2 Re8 16. c3 e4 17. fxe4 dxe4 18. Bc2 Nb6 19. Nf4 Nc4 20. Qc1 g5 21. Ne2 h4 22. Be1 b5 23. b3 Nd6 24. c4 Qd7 25. Nc3 f5 26. c5 Nc8 27. b4 Ne7 28. a4 a6 29. Bd1 Bg6 30. Be2 Nd5 31. Nxd5 Qxd5 32. Bc3 Bh6 33. Bd2 Rad8 34. Qd1 Rf8 35. axb5 axb5 36. Ra7 f4 37. Bh5 Bh7 38. Bg4 Bg7 39. Re7 Rf6 40. Re5 Qc4 41. Rxg5 Qd3 42. Be2 Qa3 43. Qc1 Qa2 44. exf4 e3 45. Bc3 Qxe2 46. d5 Rg6 47. Bxg7 Rxg5 48. fxg5 Be4 49. Qb2 Qxb2 50. Bxb2 Rxd5 51. Re1 Rxg5 52. Rxe3 Rxg2+ 53. Kf1 Bd5 54. Be5 Rg4 55. Bc3 Kf7 56. h3 Rf4+ 57. Kg1 Kg6 58. Bd2 Rd4 59. Be1 Kg5 60. Kf2 Rf4+ 61. Kg1 Rc4 62. Re8 Kf4 63. Kf2 Rc2+ 64. Re2 Rc4 65. Re8 Be4 66. Rf8+ Bf5 67. Bd2+ Ke4 68. Ke2 Rc2 69. Rh8 Kd4 70. Rxh4+ Be4 71. Rf4 Ke5 72. Rh4 Kd4 73. Rf4 Ke5 74. Ke1 Bg2 75. Bc1 1/2-1/2

[Event "Moscow-ch Women 2021"]
[Site "Moscow"]
[Date "2021.03.28"]
[Round "4.8"]
[White "Danilova, Rada"]
[Black "Korovina, Yana"]
[Result "1-0"]
[ECO "A52"]
[WhiteElo "2048"]
[BlackElo "1531"]
[Annotator "NA"]
[PlyCount "68"]
[EventDate "2021.03.25"]
[EventType "swiss"]
[EventCountry "RUS"]
[SourceTitle "playchess.com"]
[Source "ChessBase"]
[SourceQuality "1"]
[TimeControl "5400+30"]

1. d4 Nf6 2. c4 e5 3. dxe5 Ng4 4. Nf3 Nc6 5. Bf4 Bb4+ 6. Nbd2 Qe7 7. e3 Ngxe5 8. Be2 d6 9. O-O Bxd2 10. Qxd2 O-O 11. Nd4 h6 12. Bg3 Nxd4 13. exd4 Ng6 14. Rfe1 Qf6 15. Bf3 Rb8 16. Rad1 Bf5 17. Qa5 b6 18. Qxa7 Qd8 19. Qa3 Re8 20. Rxe8+ Qxe8 21. Qc3 Qf8 22. b4 Rd8 23. a4 c5 24. bxc5 dxc5 25. d5 Ra8 26. d6 Rxa4 27. d7 Qd8 28. Bc7 Qxd7 29. Rxd7 Bxd7 30. h3 b5 31. cxb5 Bxb5 32. Qxc5 Rc4 33. Qxb5 Rxc7 34. Qc4 Kf8 1-0

[Event "Moscow-ch Women 2021"]
[Site "Moscow"]
[Date "2021.03.28"]
[Round "4.9"]
[White "Kuznetsova, Veronika"]
[Black "Mayorova, Varvara"]
[Result "0-1"]
[ECO "B26"]
[WhiteElo "1343"]
[BlackElo "1545"]
[Annotator "NA"]
[PlyCount "128"]
[EventDate "2021.03.25"]
[EventType "swiss"]
[EventCountry "RUS"]
[SourceTitle "playchess.com"]
[Source "ChessBase"]
[SourceQuality "1"]
[TimeControl "5400+30"]

1. e4 c5 2. Nc3 Nc6 3. g3 g6 4. Bg2 Bg7 5. d3 d6 6. Be3 e6 7. Qd2 Qa5 8. Nf3 Nd4 9. O-O Ne7 10. Rac1 O-O 11. Nxd4 cxd4 12. Nd5 Qd8 13. Nxe7+ Qxe7 14. Bh6 e5 15. Bxg7 Kxg7 16. c3 dxc3 17. Rxc3 Be6 18. Rfc1 Rfc8 19. d4 Rxc3 20. Rxc3 Rc8 21. Rxc8 Bxc8 22. Qc3 Qe8 23. a3 b5 24. Bf1 a6 25. Bd3 Bb7 26. d5 Qc8 27. Qxc8 Bxc8 28. f4 f5 29. Kf2 fxe4 30. Bxe4 Bf5 31. Bg2 exf4 32. gxf4 Kf6 33. Ke3 Bc2 34. b4 g5 35. fxg5+ Kxg5 36. Bh3 Bf5 37. Bg2 h5 38. Bf1 Bg4 39. Bd3 Bf5 40. Bf1 h4 41. Be2 Bb1 42. Bf1 Kf5 43. Kd4 Kf4 44. Bg2 Bf5 45. Bf1 Kf3 46. a4 bxa4 47. Bxa6 a3 48. Kc3 a2 49. Kb2 Kg2 50. Kxa2 Kxh2 51. Kb3 Kg2 52. Kc4 h3 53. b5 h2 54. b6 h1=Q 55. b7 Qh8 56. Bb5 Qb8 57. Bc6 Kf3 58. Kd4 Kf4 59. Kc3 Ke5 60. Kc4 Be4 61. Kb5 Bxd5 62. Kb6 Bxc6 63. Kxc6 Qxb7+ 64. Kxb7 d5 0-1

[Event "Moscow-ch Women 2021"]
[Site "Moscow"]
[Date "2021.03.28"]
[Round "4.10"]
[White "Gerasimova, Maria V."]
[Black "Kunikova, Polina S"]
[Result "0-1"]
[ECO "C30"]
[WhiteElo "1166"]
[BlackElo "1028"]
[Annotator "NA"]
[PlyCount "64"]
[EventDate "2021.03.25"]
[EventType "swiss"]
[EventCountry "RUS"]
[SourceTitle "playchess.com"]
[Source "ChessBase"]
[SourceQuality "1"]
[TimeControl "5400+30"]

1. e4 e5 2. Bc4 Nc6 3. Nc3 Nf6 4. d3 Bc5 5. f4 d6 6. Nf3 O-O 7. Na4 Bb6 8. Nxb6 axb6 9. O-O Bg4 10. h3 b5 11. Bxb5 Bxf3 12. gxf3 Nd4 13. Bc4 Nh5 14. fxe5 Qh4 15. Rf2 Qxh3 16. c3 Ng3 17. Rh2 Nde2+ 18. Rxe2 Qh1+ 19. Kf2 Qxd1 20. Rd2 Nh1+ 21. Kg2 Qe1 22. Rc2 Qh4 23. exd6 cxd6 24. Bd5 Ra5 25. b4 Rxd5 26. exd5 Re8 27. Ba3 Ng3 28. b5 Nf5 29. Rb2 Qg3+ 30. Kh1 Qxf3+ 31. Kg1 Ng3 32. Rg2 Ne2+ 0-1

[Event "Moscow-ch Women 2021"]
[Site "Moscow"]
[Date "2021.03.29"]
[Round "5.1"]
[White "Charochkina, Daria"]
[Black "Diakonova, Ekaterina"]
[Result "1-0"]
[ECO "D52"]
[WhiteElo "2337"]
[BlackElo "2156"]
[Annotator "NA"]
[PlyCount "55"]
[EventDate "2021.03.25"]
[EventType "swiss"]
[EventCountry "RUS"]
[SourceTitle "playchess.com"]
[Source "ChessBase"]
[SourceQuality "1"]
[TimeControl "5400+30"]

1. d4 d5 2. c4 c6 3. Nc3 Nf6 4. Nf3 e6 5. Bg5 Nbd7 6. e3 Qa5 7. Nd2 Bb4 8. Qc2 O-O 9. Be2 c5 10. O-O cxd4 11. exd4 dxc4 12. Bh4 Nd5 13. Nxc4 Qc7 14. Nxd5 exd5 15. Qb3 dxc4 16. Qxb4 Nb6 17. Qc5 Qf4 18. Bg3 Qd2 19. Bf3 Qxb2 20. a4 Be6 21. Rfb1 Qc2 22. Bxb7 Nxa4 23. Qb4 Nb6 24. Bxa8 Nxa8 25. Rxa7 Qf5 26. d5 Bd7 27. Bd6 Rc8 28. Rba1 1-0

[Event "Moscow-ch Women 2021"]
[Site "Moscow"]
[Date "2021.03.29"]
[Round "5.2"]
[White "Paramzina, Anastasya"]
[Black "Zvereva, Margarita"]
[Result "1/2-1/2"]
[ECO "C54"]
[WhiteElo "2252"]
[BlackElo "1951"]
[Annotator "NA"]
[PlyCount "79"]
[EventDate "2021.03.25"]
[EventType "swiss"]
[EventCountry "RUS"]
[SourceTitle "playchess.com"]
[Source "ChessBase"]
[SourceQuality "1"]
[TimeControl "5400+30"]

1. e4 e5 2. Nf3 Nc6 3. Bc4 Bc5 4. O-O Nf6 5. d3 d6 6. c3 a6 7. a4 Ba7 8. Nbd2 O-O 9. h3 Ne7 10. Bb3 Ng6 11. Nc4 h6 12. Be3 Bxe3 13. Nxe3 Re8 14. a5 Be6 15. Bxe6 Rxe6 16. Qb3 Rb8 17. Ne1 c6 18. N1c2 d5 19. Rfd1 Rd6 20. exd5 Nxd5 21. d4 Nxe3 22. Nxe3 exd4 23. Nf5 Rd5 24. Rxd4 Rxd4 25. Nxd4 Nf4 26. Kh2 c5 27. Nf3 Qc7 28. Qc4 Nd3+ 29. Kg1 Rd8 30. Rd1 Nxb2 31. Rxd8+ Qxd8 32. Qxc5 Nd3 33. Qe3 Qd5 34. h4 Nc5 35. Qe8+ Kh7 36. Qe7 Ne4 37. Ne5 Nxc3 38. Nxf7 Ne2+ 39. Qxe2 Qxf7 40. Qe5 1/2-1/2

[Event "Moscow-ch Women 2021"]
[Site "Moscow"]
[Date "2021.03.29"]
[Round "5.4"]
[White "Zherebtsova, Alexandra"]
[Black "Danilova, Rada"]
[Result "1-0"]
[ECO "E46"]
[WhiteElo "2177"]
[BlackElo "2048"]
[Annotator "NA"]
[PlyCount "96"]
[EventDate "2021.03.25"]
[EventType "swiss"]
[EventCountry "RUS"]
[SourceTitle "playchess.com"]
[Source "ChessBase"]
[SourceQuality "1"]
[TimeControl "5400+30"]

1. d4 Nf6 2. c4 e6 3. Nc3 Bb4 4. e3 O-O 5. Nge2 d5 6. a3 Bd6 7. c5 Be7 8. g3 b6 9. b4 c6 10. Bg2 Nbd7 11. O-O bxc5 12. bxc5 Ba6 13. Re1 Qc8 14. Qc2 e5 15. Bb2 e4 16. f3 exf3 17. Bxf3 Re8 18. Nf4 Rb8 19. Rab1 Nf8 20. e4 dxe4 21. Nxe4 Nxe4 22. Bxe4 Bg5 23. Nd3 f5 24. Bxc6 Rxe1+ 25. Rxe1 Qxc6 26. Nb4 Qf3 27. Nxa6 Be3+ 28. Rxe3 Qxe3+ 29. Kg2 Qe4+ 30. Qxe4 Rxb2+ 31. Kf3 fxe4+ 32. Kxe4 Kf7 33. Kd5 Ke7 34. Kc6 Ne6 35. d5 Nd8+ 36. Kc7 Rb7+ 37. Kc8 Rb3 38. d6+ Kf7 39. Kxd8 Rxa3 40. Kc7 Rd3 41. d7 Ke7 42. Nb8 a5 43. Nc6+ Ke6 44. d8=Q Rxd8 45. Kxd8 Kd5 46. Nxa5 Kxc5 47. Ke7 h5 48. Kf7 Kd5 1-0

[Event "Moscow-ch Women 2021"]
[Site "Moscow"]
[Date "2021.03.29"]
[Round "5.5"]
[White "Ivanova, Anastasia S."]
[Black "Dimitrova, Aleksandra"]
[Result "0-1"]
[ECO "E20"]
[WhiteElo "1830"]
[BlackElo "2275"]
[Annotator "NA"]
[PlyCount "60"]
[EventDate "2021.03.25"]
[EventType "swiss"]
[EventCountry "RUS"]
[SourceTitle "playchess.com"]
[Source "ChessBase"]
[SourceQuality "1"]
[TimeControl "5400+30"]

1. d4 Nf6 2. c4 e6 3. Nc3 Bb4 4. f3 c5 5. d5 b5 6. e4 O-O 7. Bd3 exd5 8. cxd5 c4 9. Bc2 Qb6 10. Nge2 Bc5 11. e5 Ne8 12. Ne4 Bb7 13. Ng5 g6 14. Qd2 Na6 15. a3 Nac7 16. Nc3 Bd4 17. d6 Nd5 18. Nxd5 Bxd5 19. Qf4 Ng7 20. Qh4 h5 21. Be4 Bxe4 22. Qxe4 Bxe5 23. Nxf7 Kxf7 24. Qd5+ Kf6 25. h4 Bg3+ 26. Kd1 Nf5 27. Bg5+ Kg7 28. Kc2 Rae8 29. Rad1 Re2+ 30. Rd2 Re5 0-1

[Event "Moscow-ch Women 2021"]
[Site "Moscow"]
[Date "2021.03.29"]
[Round "5.6"]
[White "Mayorova, Varvara"]
[Black "Kanevskaya, Anna"]
[Result "0-1"]
[ECO "D70"]
[WhiteElo "1446"]
[BlackElo "2130"]
[Annotator "NA"]
[PlyCount "76"]
[EventDate "2021.03.25"]
[EventType "swiss"]
[EventCountry "RUS"]
[SourceTitle "playchess.com"]
[Source "ChessBase"]
[SourceQuality "1"]
[TimeControl "5400+30"]

1. Nf3 d5 2. d4 Nf6 3. c4 g6 4. cxd5 Nxd5 5. e4 Nb6 6. Nc3 Bg7 7. Be3 O-O 8. Qd2 Nc6 9. Be2 Bg4 10. e5 Qd7 11. h3 Bf5 12. g4 Be6 13. Rd1 Rfd8 14. Bh6 Bh8 15. Ng5 Nxd4 16. Qf4 Nxe2 17. Kxe2 Qc6 18. Nge4 Nd5 19. Nxd5 Bxd5 20. f3 Qb5+ 21. Kf2 Qxb2+ 22. Rd2 Qxe5 23. Rhd1 Qxf4 24. Bxf4 c6 25. h4 b6 26. h5 Rd7 27. hxg6 hxg6 28. Bg5 Rad8 29. f4 f6 30. Bh4 Be6 31. f5 Rxd2+ 32. Nxd2 gxf5 33. gxf5 Bxf5 34. Rg1+ Kf7 35. Ke2 Bg6 36. Rc1 c5 37. a4 Bg7 38. Rc2 Bxc2 0-1

[Event "Moscow-ch Women 2021"]
[Site "Moscow"]
[Date "2021.03.29"]
[Round "5.7"]
[White "Kunikova, Polina S"]
[Black "Ilyina, Lada"]
[Result "0-1"]
[ECO "C01"]
[WhiteElo "1028"]
[BlackElo "1959"]
[Annotator "NA"]
[PlyCount "80"]
[EventDate "2021.03.25"]
[EventType "swiss"]
[EventCountry "RUS"]
[SourceTitle "playchess.com"]
[Source "ChessBase"]
[SourceQuality "1"]
[TimeControl "5400+30"]

1. e4 e6 2. d4 d5 3. exd5 exd5 4. Nf3 Nf6 5. Bd3 Bd6 6. Nc3 O-O 7. O-O Bg4 8. Bg5 c6 9. Be2 Nbd7 10. h3 Bh5 11. Qd2 Qc7 12. Be3 Rfe8 13. Qe1 h6 14. a3 Bg6 15. Bd3 Ne4 16. Nd2 f5 17. Ncxe4 dxe4 18. Bc4+ Kh7 19. Nb3 b5 20. Be2 f4 21. Bd2 f3 22. Bd1 Nb6 23. Na5 Qd7 24. Qe3 Nd5 25. Qb3 Bf4 26. Bc1 Bxc1 27. Rxc1 Nf4 28. Bxf3 exf3 29. Qxf3 Ne2+ 30. Kh1 Nxc1 31. Rxc1 Qxd4 32. Nxc6 Qd2 33. Rg1 Be4 34. Qf7 Bxc6 35. Qf5+ Kh8 36. Qc5 Rac8 37. Qxa7 Re1 38. Rxe1 Qxe1+ 39. Kh2 Qe5+ 40. g3 Qe4 0-1